 Dungeon Crawl Stone Soup version 0.30.1-9-gdf580d7c3d (webtiles) character file.

Game seed: 4195563704856931952

21 Chiseanne the Trooper (level 2, 3/24 HPs)
             Began as a Demonspawn Wanderer on Oct 13, 2023.
             Quit the game on level 1 of the Dungeon.
             The game lasted 00:02:27 (850 turns).

Chiseanne the Trooper (Demonspawn Wanderer)          Turns: 850, Time: 00:02:28

Health: 3/24       AC:  2    Str:  9    XL:     2   Next: 62%
Magic:  1/4        EV: 11    Int: 15    God:
Gold:   52         SH:  0    Dex: 13    Spells: 2/3 levels left

rFire   . . .        a - +0 club (heavy) {**BADASS UGLY STICK **}
rCold   . . .        (no shield)
rNeg    . . .        c - +0 robe
rPois   .            (no helmet)
rElec   .            (no cloak)
rCorr   .            (no gloves)
SInv    .            (no boots)
Will    .....        (no amulet)
Stlth   +            (no ring)
HPRegen 0.24/turn    (no ring)
MPRegen 0.09/turn

%: no passive effects
@: lethally poisoned (3 -> -3)
A: demonic touch 1
a: no special abilities


You were on level 1 of the Dungeon.
You visited 1 branch of the dungeon, and saw 2 of its levels.

You collected 52 gold pieces.

Inventory:

Hand Weapons
 a - a +0 heavy club (weapon) {**BADASS UGLY STICK **}
Missiles
 h - 25 stones
 j - 9 poisoned darts
Armour
 c - a +0 robe (worn)
Scrolls
 b - a scroll of fear
 d - a scroll of teleportation
 e - a scroll of identify


   Skills:
 - Level 3.0 Fighting
 - Level 1.0 Armour
 * Level 1.4 Spellcasting
 * Level 1.0 Conjurations
 * Level 2.1 Translocations
 * Level 2.1 Fire Magic
 - Level 1.0 Evocations


You had 2 spell levels left.
You knew the following spells:

 Your Spells              Type           Power      Damage    Failure   Level
a - Foxfire               Conj/Fire      20%        2x1d5     12%         1

Your spell library contained the following spells:

 Spells                   Type           Power      Damage    Failure   Level
 Blink                    Tloc           14%        N/A       14%         2
 Momentum Strike          Conj/Tloc      10%        3d8       19%         2
 Freeze                   Ice            4%         1d3       24%         1
 Volatile Blastmotes      Fire/Tloc      14%        2d11      28%         3
 Ignite Poison            Fire/Tmut/Pois 3%         N/A       47%         3
 Hailstorm                Conj/Ice       2%         3d3       50%         3
 Frozen Ramparts          Ice            2%         1d1       56%         3


Dungeon Overview and Level Annotations

Branches:
Dungeon (2/15)

Altars:


Innate Abilities, Weirdness & Mutations

Your touch may inflict minor irresistible damage on your foes.


Message History

The hobgoblin closely misses you.
Casting: Foxfire (safe; 13% risk of failure)
Confirm with . or Enter, or press ? or * to list all spells.
You miscast Foxfire.
Nothing appears to happen.
You feel your willpower return. The ball python barely misses you.
The ball python constricts you.
The hobgoblin hits you but does no damage.
You closely miss the ball python.
The ball python bites you but does no damage.
The ball python constricts you. The hobgoblin hits you.
The ball python closely misses you. The ball python constricts you.
The hobgoblin barely misses you.
You escape the ball python's grasp.
The adder barely misses you. The ball python closely misses you.
The ball python barely misses you. The hobgoblin barely misses you.
The frilled lizard bites you but does no damage.
The rat bites you. The adder closely misses you.
You climb upwards.
There is a stone staircase leading down here.
You closely miss the ball python.
You touch the ball python.
You kill the ball python!
The adder bites you. The hobgoblin closely misses you.
The adder closely misses you.
The rat twitches its whiskers.
The hobgoblin barely misses you. The adder attacks as you move away!
The adder closely misses you. The hobgoblin hits you.
Your magical contamination has completely faded away.
You see here a ball python corpse.
You hit the hobgoblin.
You kill the hobgoblin!
The adder closely misses you. The adder bites you.
* * * LOW HITPOINT WARNING * * *
You are lethally poisoned!
The adder poisons you! The adder bites you.
* * * LOW HITPOINT WARNING * * *
Your Conjurations skill increases to level 1!
You aren't carrying any potions.
Unknown command.
Are you sure you want to abandon this character and quit the game? (Confirm with "yes".)

#....# ####.##.##.....
##.#.# #........... #.#.#
#..#.#...... #.#.#######
#..#.#.##... #)........#
#..#.#.##...
###.#####.#####..#.#.#####
#............#^#.#......
#######r###.###.......##
#@Sl...#...######
#######.#### ###


You could see an adder, a frilled lizard and a rat.

Vanquished Creatures
  A dart slug (D:1)
  3 endoplasms (D:1)
  A giant cockroach (D:1)
  3 hobgoblins (D:1)
  3 kobolds (D:1)
  2 quokkas (D:1)
  A ball python (D:1)
  2 rats
16 creatures vanquished.

Vanquished Creatures (others)
  14 foxfires
14 creatures vanquished.

Grand Total: 30 creatures vanquished

Notes
Turn   | Place    | Note
-------+----------+-------------------------------------------
     0 | D:1      | Chiseanne the Demonspawn Wanderer began the quest for the
                  | Orb.
     0 | D:1      | Chiseanne set off with the following items: a +0 dagger, a
                  | scroll of fear, a +0 robe, a scroll of teleportation; and
                  | the following spell memorised: Foxfire; and the following
                  | spells available to memorise: Blink, Momentum Strike,
                  | Volatile Blastmotes, Ignite Poison.
     0 | D:1      | Reached XP level 1. HP: 18/18 MP: 2/2
   221 | D:1      | Gained mutation: Your touch may inflict minor irresistible
                  | damage on your foes. [demonic ancestry]
   221 | D:1      | Reached XP level 2. HP: 23/24 MP: 3/3
   850 | D:1      | Reached skill level 1 in Conjurations
   850 | D:1      | Chiseanne: fuck you dicks
   850 | D:1      | Quit the game

Illustrated notes

Levels and vault maps discovered:
D:1:      elethiomel_arrival_quiet, layout_loops_ring
D:2:      layout_rooms, serial_shops, shop, minmay_rat_gold_closets

Skill      XL: |  1  2 |
---------------+-------+-----
Translocations | 2 |  2.1
Fire Magic     | 2 |  2.1
Conjurations   | 1 |  1.0
Fighting       | |  3.0
Armour         | |  1.0
Spellcasting   | |  1.4
Evocations     | |  1.0

Action                     || total
---------------------------++-------
  Melee: Dagger            ||    15
         Short sword       ||    13
         Touch             ||     5
         Club              ||     3
   Cast: Foxfire           ||     9
    Use: Scroll            ||     5
 Armour: Robe              ||     4
  Dodge: Dodged            ||    29
